 Dungeon Crawl Stone Soup version 0.30-a0-49-g1cef19eb02 (webtiles) character file.

Game seed: 16577535447045366317

609 ytrimaz the Covered (level 7, -1/52 HPs)
             Began as a Formicid Fighter on Sept 2, 2022.
             Slain by a centaur (5 damage)
             ... on level 6 of the Dungeon.
             The game lasted 00:07:08 (5018 turns).

ytrimaz the Covered (Formicid Fighter)              Turns: 5018, Time: 00:07:08

Health: -1/52      AC: 13    Str: 23    XL:     7   Next: 71%
Magic:  7/7        EV: 13    Int:  7    God:
Gold:   351        SH:  6    Dex: 13    Spells: 6/6 levels left

rFire   . . .      SeeInvis +    A - +0 hand axe {axe}
rCold   . . .      Faith    .    c - +1 buckler
rNeg    . . .      Spirit   .    b - +0 scale mail
rPois   .          Reflect  .    (helmet unavailable)
rElec   .          Harm     .    f - +0 cloak
rCorr   .          Rampage  .    (no gloves)
Will    .....                    (no boots)
Stlth   ..........               (no amulet)
HPRegen 0.17/turn                u - +4 ring of protection
MPRegen 0.10/turn                x - +4 ring of evasion

@: no status effects
A: permanent stasis, dig shafts and tunnels, antennae 3, four strong arms
a: Dig, Shaft Self


You were on level 6 of the Dungeon.
You visited 1 branch of the dungeon, and saw 6 of its levels.

You collected 351 gold pieces.


Innate Abilities, Weirdness & Mutations

You cannot be hasted, slowed, berserked, paralysed or teleported.
You can dig through walls and to a lower floor.
You have a pair of large antennae on your head. (SInv)
Your four strong arms can wield two-handed weapons with a shield.


   Skills:
 - Level 3.2 Fighting
 + Level 5.8 Axes
 + Level 6.9 Armour
 - Level 4.0 Shields


You had 6 spell levels left.
You didn't know any spells.
Your spell library contained the following spells:

 Spells                   Type           Power      Damage    Failure   Level
 Sandblast                Erth           0%         2d4       78%         1
 Passwall                 Tmut/Erth      0%         N/A       89%         2
 Gell's Gravitas          Tloc           0%         N/A       98%         3
 Stone Arrow              Conj/Erth      0%         3d7       98%         3
 Teleport Other           Tloc           0%         N/A       98%         3
 Dispersal                Tloc           0%         N/A       100%        6

Inventory:

Hand Weapons
 a - a +1 war axe {axe}
 p - a +0 battleaxe {axe}
   (You found it on level 3 of the Dungeon)
 A - a +0 hand axe (weapon) {axe}
   (You found it on level 5 of the Dungeon)
Missiles
 h - 47 stones {throwing}
 o - 6 curare-tipped darts {=fthrowing}
 r - 11 boomerangs {throwing}
 s - 3 javelins {throwing}
 t - 6 poisoned darts {throwing}
 y - 5 atropa-tipped darts {throwing}
Armour
 b - a +0 scale mail (worn)
 c - a +1 buckler (worn)
 f - a +0 cloak (worn)
   (You found it on level 3 of the Dungeon)
Magical Staves
 v - a staff of poison {!astaff}
   (You found it on level 5 of the Dungeon)
Jewellery
 u - a +4 ring of protection (left hand)
   (You found it on level 4 of the Dungeon)
 x - a +4 ring of evasion (right hand)
   (You found it on level 5 of the Dungeon)
Scrolls
 i - a scroll of torment {!r}
 k - 2 scrolls of silence {!r}
 l - 2 scrolls of enchant weapon
 w - a scroll of identify {@r1}
Potions
 d - 2 potions of might
 e - a potion of haste {@q3}
 g - 2 potions of flight {unknown}
 j - a potion of berserk rage {unknown}
 m - a potion of degeneration {unknown}
 n - a potion of mutation {unknown}
 q - 2 potions of resistance
 z - a potion of brilliance {unknown}

Dungeon Overview and Level Annotations

Branches:
Dungeon (6/15) Zot: 26977
 Temple: D:4-7

Altars:
Ashenzari
Elyvilon
Gozag
Makhleb
Sif Muna
Trog
Uskayaw
Vehumet
Wu Jian
Yredelemnul

##...#...
........##
......(...
.........
.........
........#
......o.#### ##
......c@...## ..#
......#.....#...#
......#....(....#
..##.....[<...###
# #..............
#..............
#..............
#.....###......
.......# ......


You could see an orc warrior and a centaur.


Message History

A - a +0 hand axe {axe}
A - a +0 hand axe (weapon)
{axe} Your movement speed is average.
Your attack delay is about 1.0.
Done exploring.
Done exploring.
Done exploring.
There is a stone staircase leading down here.
You climb downwards.
The orc shouts!
There is a stone staircase leading up here.
An orc is nearby!
An orc warrior and an orc come into view.
The orc warrior shouts!
The orc shouts!
A centaur comes into view.
The centaur shouts!
The centaur wields a +0 shortbow.
The centaur shoots an arrow.
The arrow closely misses you.
You hit the orc. The orc hits you but does no damage.
You hit the orc but do no damage. The orc closely misses you.
You hit the orc.
You kill the orc!
The centaur shoots an arrow.
You block the arrow.
Unknown command.
You hit the orc warrior but do no damage.
You hit the orc. You block the orc warrior's attack.
You block the orc's attack.
You closely miss the orc. You closely miss the orc warrior.
The orc warrior misses you. The orc hits you but does no damage.
Unknown command.
You hit the orc but do no damage.
You hit the orc warrior but do no damage.
The orc warrior barely misses you.
The orc hits you with a +0 flail. 😕 HP[-3]
You take 3 damage, and now have 49/52 hp.
Unknown command.
You hit the orc.
You kill the orc!
You closely miss the orc warrior.
The centaur shoots an arrow.
You block the arrow. You block the orc warrior's attack.
You hit the orc warrior.
The centaur shoots an arrow.
You block the arrow.
The centaur shoots an arrow.
The arrow hits you.
You block the orc warrior's attack. 😕 HP[-1]
You take 1 damage, and now have 48/52 hp.
You hit the orc warrior.
The centaur shoots an arrow.
The arrow hits you. The orc warrior closely misses you.
The centaur shoots an arrow.
The arrow barely misses you.
Unknown command. 😕 HP[-3]
You take 3 damage, and now have 45/52 hp.
You hit the orc warrior but do no damage.
The centaur shoots an arrow.
The arrow hits you but does no damage. You block the orc warrior's attack.
You hit the orc warrior but do no damage.
The centaur shoots an arrow.
The arrow hits you.
You block the orc warrior's attack. 😕 HP[-4]
You take 4 damage, and now have 41/52 hp.
You hit the centaur.
You hit the orc warrior but do no damage.
The centaur unwields a +0 shortbow.
You block the centaur's attack. The centaur kicks you.
The orc warrior barely misses you. 😕 HP[-1]
You take 1 damage, and now have 40/52 hp.
Unknown command.
You hit the centaur. You hit the orc warrior. The centaur misses you.
The centaur closely misses you.
The orc warrior hits you but does no damage.
The centaur hits you but does no damage.
The centaur kicks you but does no damage.
You hit the centaur. You completely miss the orc warrior.
You block the centaur's attack. The centaur misses you.
The orc warrior hits you with a +0 flail! 😮 HP[-10]
You take 10 damage, and now have 30/52 hp.
Unknown command.
You hit the centaur. You hit the orc warrior. The centaur misses you.
The centaur kicks you but does no damage.
The orc warrior hits you with a +0 flail!
* * * LOW HITPOINT WARNING * * *
The centaur closely misses you. The centaur misses you. 😨 HP[-14]
You take 14 damage, and now have 16/52 hp.
MASSIVE DAMAGE!! (PAUSE)
You barely miss the centaur. You closely miss the orc warrior.
The centaur closely misses you. You block the centaur's attack.
The orc warrior closely misses you.
You barely miss the centaur. You closely miss the orc warrior.
The centaur closely misses you. You block the centaur's attack.
The orc warrior hits you with a +0 flail!
* * * LOW HITPOINT WARNING * * *
The centaur misses you.
The centaur kicks you but does no damage. 😱 HP[-12]
You take 12 damage, and now have 4/52 hp.
MASSIVE DAMAGE!! (PAUSE)
You hit the centaur but do no damage.
You hit the orc warrior but do no damage.
The centaur hits you.
You die...

Skill      XL: |  1  2  3  4  5  6 |
---------------+-------------------+-----
Axes           | 3 4 5 |  5.8
Armour         | 4 5 6 |  6.9
Fighting       | |  3.2
Shields        | |  4.0

Action                   |  1- 3 |  4- 6 |  7- 9 || total
-------------------------+-------+-------+-------++-------
Melee: War axe           |    45 |    77 |       ||   122
       Battleaxe         |       |    69 |    45 ||   114
       Hand axe          |       |       |    18 ||    18
  Use: Scroll            |     7 |     6 |       ||    13
       Potion            |       |     1 |       ||     1
Armor: Scale mail        |    22 |    84 |    33 ||   139
Dodge: Dodged            |    18 |    90 |    55 ||   163
Block: Buckler           |    11 |    58 |    33 ||   102

Levels and vault maps discovered:
D:1:      dpeg_arrival_simpleton_b, layout_basic, minmay_misc_feat_tower
D:2:      layout_loops_cross, basic_altar, uniq_jessica
D:3:      layout_loops_ring, dreamdust_ecumenical_altar_angels_and_demons
D:4:      layout_rooms, nicolae_overflow_hallway_of_the_gods,
          dreamdust_mushroom_princess, uniq_natasha
D:5:      layout_layer_cave, eat_drink_and_be_merry_uskayaw,
          corexii_leaking_fountain
D:6:      layout_cave_pools, minmay_temple_entry_poolview,
          minmay_misc_feat_roman

Notes
Turn   | Place    | Note
-------+----------+-------------------------------------------
     0 | D:1      | ytrimaz the Formicid Fighter began the quest for the Orb.
     0 | D:1      | Reached XP level 1. HP: 18/18 MP: 1/1
     0 | D:1      | magus.rc [v1.9.6]
   108 | D:1      | Reached XP level 2. HP: 21/24 MP: 2/2
  1101 | D:2      | Noticed Jessica
  1108 | D:2      | Killed Jessica
  1109 | D:2      | Reached skill level 3 in Axes
  1109 | D:2      | Reached skill level 4 in Armour
  1109 | D:2      | Reached XP level 3. HP: 18/29 MP: 3/3
  1428 | D:2      | Reached XP level 4. HP: 35/35 MP: 4/4
  1758 | D:2      | Found an ornate altar of the Wu Jian Council.
  2068 | D:3      | You pick up a book of Geomancy and begin reading...
  2068 | D:3      | You add the spells Sandblast, Passwall and Stone Arrow to
                  | your library.
  2189 | D:3      | Reached XP level 5. HP: 18/41 MP: 5/5
  2382 | D:3      | Found a faded altar of an unknown god.
  2642 | D:3      | Reached skill level 5 in Armour
  2739 | D:4      | You fall into a shaft and drop 1 floor!
  2739 | D:5      | Entered Level 5 of the Dungeon
  2742 | D:5      | Found a hide-covered altar of Uskayaw.
  2751 | D:5      | HP: 10/41 [hound (3)]
  2754 | D:5      | Reached skill level 4 in Axes
  2754 | D:5      | HP: 4/41 [hound (1)]
  2758 | D:5      | Reached XP level 6. HP: 3/47 MP: 6/6
  3751 | D:4      | Found a bloodstained altar of Trog.
  3753 | D:4      | Found an opulent altar of Gozag.
  3758 | D:4      | Found a shimmering blue altar of Sif Muna.
  3759 | D:4      | Found a broken altar of Ashenzari.
  3764 | D:4      | Found a white marble altar of Elyvilon.
  3765 | D:4      | Found a radiant altar of Vehumet.
  3767 | D:4      | Found a burning altar of Makhleb.
  3770 | D:4      | Noticed Natasha
  3771 | D:4      | Found a basalt altar of Yredelemnul.
  3779 | D:4      | Killed Natasha
  3780 | D:4      | Reached skill level 5 in Axes
  3780 | D:4      | Reached skill level 6 in Armour
  3793 | D:4      | You add the spells Gell's Gravitas, Teleport Other and
                  | Dispersal to your library.
  3946 | D:4      | Reached XP level 7. HP: 52/52 MP: 7/7
  4005 | D:4      | Noticed Natasha
  4017 | D:4      | Killed Natasha
  4299 | D:4      | Noticed Natasha
  4308 | D:4      | Killed Natasha
  5017 | D:6      | HP: 4/52 [orc warrior/+0 flail (13)]
  5018 | D:6      | Slain by a centaur

Vanquished Creatures
  A centaur (D:5)
  A scorpion (D:5)
  A jelly (D:3)
  2 hounds
  4 orc priests (D:5)
  Jessica (D:2)
  Natasha (thrice) (D:4)
  3 gnolls (D:4)
  5 adders
  2 ufetubi (D:5)
  A dart slug (D:2)
  8 orcs
  7 bats
  3 endoplasms (D:2)
  A giant cockroach (D:3)
  2 goblins (D:3)
  7 hobgoblins
  5 jackals (D:3)
  7 kobolds
  6 quokkas
  8 ball pythons
  3 frilled lizards
  5 rats
86 creatures vanquished.

Vanquished Creatures (others)
  3 fungi (D:4)
3 creatures vanquished.

Grand Total: 89 creatures vanquished

Table legend:
 A = Non-vault XP
 B = Vault XP
 C = Vault XP percentage of total XP
 D = Non-vault monster count
 E = Vault monster count
 F = Vault count percentage of total count
                 A         B        C        D         E       F
            +---------+---------+-------+---------+---------+-------
      Total |     798 |      73 |   8.4 |      84 |       2 |   2.3
            +---------+---------+-------+---------+---------+-------
        D:1 |      23 |       0 |   0.0 |      16 |       0 |   0.0
        D:2 |      28 |      37 |  56.9 |      17 |       1 |   5.6
        D:3 |      95 |       0 |   0.0 |      22 |       0 |   0.0
        D:4 |     194 |      36 |  15.7 |      13 |       1 |   7.1
        D:5 |     452 |       0 |   0.0 |      14 |       0 |   0.0
        D:6 |       6 |       0 |   0.0 |       2 |       0 |   0.0
            +---------+---------+-------+---------+---------+-------

Illustrated notes

Table legend:
 A = Kills in this place as a percentage of kills in entire the game.
 B = Kills by you in this place as a percentage of kills by you in the entire game.
 C = Kills by friends in this place as a percentage of kills by friends in the entire game.
 D = Other kills in this place as a percentage of other kills in the entire game.
 E = Experience gained in this place as a percentage of experience gained in the entire game.
 F = Experience gained in this place divided by the number of levels of this place that you have seen.
                   A       B       C       D       E      F
               +-------+-------+-------+-------+-------+----------------------
         Total | 100.0 | 100.0 |   N/A |   N/A | 100.0 | 145.2
       Dungeon | 100.0 | 100.0 |   N/A |   N/A | 100.0 | 145.2
               +-------+-------+-------+-------+-------+----------------------

Table legend: (Time is in decaauts)
 A = Elapsed time spent in this place.
 B = Non-inter-level travel time spent in this place.
 C = Inter-level travel time spent in this place.
 D = Time resting spent in this place.
 E = Time spent auto-exploring this place.
 F = Levels seen in this place.
 G = Mean time per level.
                   A        B        C        D        E       F      G
               +--------+--------+--------+--------+--------+-----+--------+
         Total |   5119 |   4965 |    154 |    365 |   3712 |   6 |  853.2 |
       Dungeon |   5119 |   4965 |    154 |    365 |   3712 |   6 |  853.2 |
               +--------+--------+--------+--------+--------+-----+--------+

Top non-repeatable levels by time:
     D:5: 1432 daAuts
     D:1: 1038 daAuts
     D:3: 919 daAuts
     D:4: 882 daAuts
     D:2: 825 daAuts
     D:6: 21 daAuts
